 Dungeon Crawl Stone Soup version 0.21-a0-91-ga5031da (webtiles) character file.

49 Monsterracer the Skirmisher (level 3, -2/31 HPs)
             Began as a Draconian Wanderer on June 29, 2017.
             Slain by Sigmund
             ... wielding a +0 scythe
              (9 damage)
             ... on level 2 of the Dungeon.
             The game lasted 00:04:17 (1362 turns).

Monsterracer the Skirmisher (Draconian Wanderer)    Turns: 1362, Time: 00:04:18

Health: -2/31      AC:  5    Str: 14    XL:     3   Next: 53%
Magic:  4/4        EV: 11    Int: 16    God:
Gold:   45         SH:  0    Dex: 12    Spells: 4/4 levels left

rFire    . . .     SeeInvis .   b - +0 spear
rCold    . . .     Gourm    .   (no shield)
rNeg     . . .     Faith    .   (armour unavailable)
rPois    +         Spirit   .   (helmet restricted)
rElec    .         Reflect  .   (no cloak)
rCorr    .         Harm     .   (no gloves)
MR       .....                  (no boots)
Stlth    +.........             (no amulet)
HPRegen  0.10/turn              h - ring of poison resistance
MPRegen  0.09/turn              (no ring)

@: confused, brilliant
A: unfitting armour, antennae 1, blink, cold-blooded, AC +5
a: Blink


You were on level 2 of the Dungeon.
You were hungry.

You visited 1 branch of the dungeon, and saw 2 of its levels.

You collected 45 gold pieces.

Inventory:

Hand Weapons
 b - a +0 spear (weapon)
Jewellery
 h - a ring of poison resistance (left hand)
Scrolls
 c - 2 scrolls of fear {unknown}
Potions
 f - a potion of curing
Books
 a - a book of Geomancy

   Spells                             Type                      Level
   a - Sandblast                      Earth                        1
   b - Passwall                       Transmutation/Earth          2
   c - Stone Arrow                    Conjuration/Earth            3
   d - Petrify                        Transmutation/Earth          4
   e - Lee's Rapid Deconstruction     Earth                        5
Comestibles
 d - 2 bread rations
 g - a royal jelly


   Skills:
 - Level 3.2 Fighting
 + Level 3.2 Polearms
 - Level 1.0 Spellcasting
   Level 3.0 Conjurations
   Level 1.0 Earth Magic
   Level 2.0 Evocations


You had 4 spell levels left.
You didn't know any spells.

Dungeon Overview and Level Annotations

Branches:
Dungeon (2/15)

Altars:
Elyvilon

Annotations:
D:2 Sigmund


Innate Abilities, Weirdness & Mutations

Your plain brown scales are hard. (AC +5)
You cannot fit into any form of body armour.
You are cold-blooded and may be slowed by cold attacks.
You have a pair of small antennae on your head.
You can translocate small distances at will.


Message History

Sigmund casts a spell at you. The magic dart hits you!
* * * LOW HITPOINT WARNING * * *
Huge Dmg: -13%(-4hp) hp: 20%(6hp) Sigmund points at you and mumbles some strange words.
You are confused.
It was a potion of brilliance.
You feel clever all of a sudden.
Sigmund casts a spell.
Sigmund flickers and vanishes!
Deactivating autopickup; reactivate with Ctrl-A.
It was a potion of mutation.
You feel extremely strange.
You feel jittery. A pair of antennae grows on your head!
You hear some strange, mumbled words.
You are more confused.
You're too confused!
Something hits you.
* * * LOW HITPOINT WARNING * * *
Something hits you!
You die...

.. ..#.......#.# # ##.#
....._....[ # #. #..#
#....(..# .#.#.##.# #
#.......# .......<####.#
..... #
.............####.####.#
...>...†####...{.......#
.##..>)..# ###.####.####
#......####.@# #.#####
#.....#...##.## #.....#
#.#...###....# #####@#
#.#.#. ###.## #.##
....#. #..# #..# ..###.
##..# ##@# # .. #..# #.#
# #..# #.# # #.# #.### #


There were no monsters in sight!

Vanquished Creatures
  A worm (D:2)
  2 dart slugs (D:1)
  3 leopard geckos
  4 giant cockroaches
  4 goblins (D:1)
  4 hobgoblins (D:1)
  3 jackals
  6 kobolds (D:1)
  A ball python (D:1)
  2 bats
  A frilled lizard (D:1)
  6 rats (D:1)
37 creatures vanquished.

Notes
Turn   | Place    | Note
-------+----------+-------------------------------------------
     0 | D:1      | Monsterracer the Draconian Wanderer began the quest for the Orb.
     0 | D:1      | Monsterracer set off with: a book of Geomancy, a +0 spear, the Grimoire of Conjuration, a bread ration
     0 | D:1      | Reached XP level 1. HP: 19/19 MP: 2/2
     0 | D:1      | Identified the Grimoire of Conjuration
    26 | D:1      | Reached skill level 1 in Polearms
    84 | D:1      | Reached XP level 2. HP: 22/26 MP: 3/3
   474 | D:2      | Reached XP level 3. HP: 9/31 MP: 4/4
  1290 | D:2      | Found a white marble altar of Elyvilon.
  1322 | D:2      | Noticed Sigmund
  1357 | D:2      | Gained mutation: You can translocate small distances at will. [potion of mutation]
  1357 | D:2      | Gained mutation: You have a pair of small antennae on your head. [potion of mutation]
  1362 | D:2      | Slain by Sigmund

Vault maps used:
D:1:      onia_arrival_larder, roderic_lattice_a
D:2:      marbit_many_paths, old_standard_altar, first_bread, uniq_sigmund

Skill      XL: |  1  2  3 |
---------------+----------+-----
Polearms       | 1 2 3 |  3.2
Fighting       | |  3.2
Spellcasting   | |  1.0
Conjurations   | |  3.0
Earth Magic    | |  1.0
Evocations     | |  2.0

Action                   || total
-------------------------++-------
Melee: Spear             ||   156
       Tailslap          ||    14
  Use: Potion            ||     4
 Stab: Sleeping          ||     2
       Distracted        ||     1
  Eat: Chunk             ||     1
Armor: Skin              ||    58
Dodge: Dodged            ||    97
